| TOP OF THE 1ST |
|
Kinston Eagles batting - Pitching for Salem Rebels : LHP John Roesch
|
|
Pitching: LHP John Roesch
|
|
|
Batting: SHB Ted Wilborn
|
0-0: Ball 1-0: Called Strike 1-1: Ball 2-1: Fly out, F7 (Flyball, 7, EV 80.6 MPH)
|
|
Batting: RHB Butch Davis
|
0-0: Ball 1-0: Foul Ball, location: 2F 1-1: SINGLE (Groundball, 6MD, EV 110.6 MPH) (infield hit)
|
|
Batting: LHB Eric Peyton
|
0-0: Ball Butch Davis is caught stealing 2nd base 2-6 1-0: Foul Ball, location: 2F 1-1: Foul Ball, location: 2F 1-2: Ground out 5-3 (Groundball, 56S, EV 88.1 MPH)
|
| Top of the 1st over - 0 runs, 1 hit, 0 errors, 0 left on base; Kinston 0 - Salem 0 |
| BOTTOM OF THE 1ST |
|
Salem Rebels batting - Pitching for Kinston Eagles : RHP Oscar Mazariegos
|
|
Pitching: RHP Oscar Mazariegos
|
|
|
Batting: LHB John Gibbons
|
0-0: Called Strike 0-1: Ball 1-1: SINGLE (Groundball, 3D, EV 98.8 MPH)
|
|
Batting: RHB Daniel Szajko
|
0-0: Ball 1-0: Ball John Gibbons steals 2nd base 2-0: Called Strike 2-1: Foul Ball, location: 2F 2-2: Ball 3-2: Foul Ball, location: 2F 3-2: Base on Balls
|
|
Batting: LHB Thomas Krupa
|
0-0: DOUBLE (Flyball, 7LD, EV 88.8 MPH) John Gibbons scores Daniel Szajko to third
|
|
Batting: RHB Jorge Monroig
|
0-0: Called Strike 0-1: Foul Ball, location: 2F 0-2: Ball 1-2: Strikes out looking
|
|
Batting: RHB Robert O'Connor
|
0-0: Ball 1-0: Ball 2-0: SINGLE (Groundball, 25, EV 66.3 MPH) (infield hit)
|
|
Batting: RHB Melvin Williams
|
0-0: Ball 1-0: Fielders Choice at 2nd, 3-6 (Groundball, 34D, EV 87.5 MPH) Daniel Szajko scores Thomas Krupa to third
|
|
Batting: RHB John Schaive
|
0-0: Foul Ball, location: 2F 0-1: Foul Ball, location: 2F 0-2: Fly out, F7 (Flyball, 78M, EV 96.9 MPH)
|
| Bottom of the 1st over - 2 runs, 3 hits, 0 errors, 2 left on base; Kinston 0 - Salem 2 |
| TOP OF THE 2ND |
|
Kinston Eagles batting - Pitching for Salem Rebels : LHP John Roesch
|
|
Batting: RHB Carlos Ponce
|
0-0: Foul Ball, location: 2F 0-1: Foul Ball, location: 2F 0-2: Foul Ball, location: 2F 0-2: Ball 1-2: Strikes out looking
|
|
Batting: RHB Tony Incaviglia
|
0-0: Foul Ball, location: 2F 0-1: Ball 1-1: Ball 2-1: Called Strike 2-2: Foul Ball, location: 2F 2-2: Foul Ball, location: 2F 2-2: Ground out 6-3 (Groundball, 6S, EV 80.6 MPH)
|
|
Batting: RHB Alfredo Aceves
|
0-0: Ball 1-0: Called Strike 1-1: Ball 2-1: Swinging Strike 2-2: Strikes out looking
|
| Top of the 2nd over - 0 runs, 0 hits, 0 errors, 0 left on base; Kinston 0 - Salem 2 |
| BOTTOM OF THE 2ND |
|
Salem Rebels batting - Pitching for Kinston Eagles : RHP Oscar Mazariegos
|
|
Batting: SHB Kelvin Hudson
|
0-0: Foul Ball, location: 2F 0-1: Swinging Strike 0-2: Ball 1-2: Foul Ball, location: 2F 1-2: Strikes out swinging
|
|
Batting: RHB Mark Krynitsky
|
0-0: Swinging Strike 0-1: Ground out 5-3 (Groundball, 56, EV 84.4 MPH)
|
|
Batting: LHB John Gibbons
|
0-0: Ball 1-0: Swinging Strike 1-1: DOUBLE (Flyball, 8LD, EV 91.9 MPH)
|
|
Batting: RHB Daniel Szajko
|
0-0: Called Strike 0-1: Ball 1-1: Called Strike 1-2: Ground out 6-3 (Groundball, 6, EV 87.5 MPH)
|
| Bottom of the 2nd over - 0 runs, 1 hit, 0 errors, 1 left on base; Kinston 0 - Salem 2 |
| TOP OF THE 3RD |
|
Kinston Eagles batting - Pitching for Salem Rebels : LHP John Roesch
|
|
Batting: RHB Francisco Guerra
|
0-0: Called Strike 0-1: Ball 1-1: Ball 2-1: Fly out, F7 (Flyball, 7, EV 89.4 MPH)
|
|
Batting: RHB Guadalupe Garcia
|
0-0: Foul Ball, location: 2F 0-1: Called Strike 0-2: Ball 1-2: Ground out U3 (Groundball, 34, EV 93.1 MPH)
|
|
Batting: LHB Randall Curtis
|
0-0: Swinging Strike 0-1: Foul Ball, location: 2F 0-2: Fly out, F9 (Flyball, 9S, EV 88.8 MPH)
|
| Top of the 3rd over - 0 runs, 0 hits, 0 errors, 0 left on base; Kinston 0 - Salem 2 |
| BOTTOM OF THE 3RD |
|
Salem Rebels batting - Pitching for Kinston Eagles : RHP Oscar Mazariegos
|
|
Batting: LHB Thomas Krupa
|
0-0: Called Strike 0-1: Fly out, F8 (Flyball, 8RXD, EV 95.6 MPH)
|
|
Batting: RHB Jorge Monroig
|
0-0: Ball 1-0: SOLO HOME RUN (Flyball, 78XD, EV 96.3 MPH), Distance : 410 ft
|
|
Batting: RHB Robert O'Connor
|
0-0: Ball 1-0: Foul Ball, location: 2F 1-1: Called Strike 1-2: Strikes out swinging
|
|
Batting: RHB Melvin Williams
|
0-0: Ball 1-0: Ball 2-0: Foul Ball, location: 2F 2-1: Foul Ball, location: 2F 2-2: Strikes out swinging
|
| Bottom of the 3rd over - 1 run, 1 hit, 0 errors, 0 left on base; Kinston 0 - Salem 3 |
| TOP OF THE 4TH |
|
Kinston Eagles batting - Pitching for Salem Rebels : LHP John Roesch
|
|
Batting: SHB Ted Wilborn
|
0-0: Called Strike 0-1: Ball 1-1: SOLO HOME RUN (Flyball, 78XD, EV 86.9 MPH), Distance : 417 ft
|
|
Batting: RHB Butch Davis
|
0-0: Called Strike 0-1: Ball 1-1: Swinging Strike 1-2: Ball 2-2: Strikes out swinging
|
|
Batting: LHB Eric Peyton
|
0-0: Fly out, F7 (Flyball, 78D, EV 96.3 MPH)
|
|
Batting: RHB Carlos Ponce
|
0-0: Swinging Strike 0-1: Foul Ball, location: 2F 0-2: Ball 1-2: Foul Ball, location: 2F 1-2: Ball 2-2: Foul Ball, location: 2F 2-2: Ball 3-2: SINGLE (Flyball, 89S, EV 96.9 MPH)
|
|
Batting: RHB Tony Incaviglia
|
0-0: Ball 1-0: Called Strike 1-1: Ball 2-1: Foul Ball, location: 2F 2-2: Fly out, F8 (Flyball, 8LM, EV 85.6 MPH)
|
| Top of the 4th over - 1 run, 2 hits, 0 errors, 1 left on base; Kinston 1 - Salem 3 |
| BOTTOM OF THE 4TH |
|
Salem Rebels batting - Pitching for Kinston Eagles : RHP Oscar Mazariegos
|
|
Batting: RHB John Schaive
|
0-0: Swinging Strike 0-1: Called Strike 0-2: Ground out 6-3 (Groundball, 6, EV 86.9 MPH)
|
|
Batting: SHB Kelvin Hudson
|
0-0: Called Strike 0-1: Swinging Strike 0-2: Foul Ball, location: 2F 0-2: Strikes out looking
|
|
Batting: RHB Mark Krynitsky
|
0-0: Ball 1-0: Swinging Strike 1-1: Ball 2-1: Ball 3-1: Base on Balls
|
|
Batting: LHB John Gibbons
|
0-0: Called Strike 0-1: Swinging Strike 0-2: Ball 1-2: Strikes out swinging
|
| Bottom of the 4th over - 0 runs, 0 hits, 0 errors, 1 left on base; Kinston 1 - Salem 3 |
| TOP OF THE 5TH |
|
Kinston Eagles batting - Pitching for Salem Rebels : LHP John Roesch
|
|
Batting: RHB Alfredo Aceves
|
0-0: SINGLE (Groundball, P, EV 88.1 MPH) (infield hit)
|
|
Batting: RHB Francisco Guerra
|
0-0: Foul Ball, location: 2F 0-1: Bunt missed! 0-2: Foul Ball, location: 2F 0-2: Ball 1-2: Fielders Choice at 2nd, 2-4 (Groundball, 15S, EV 68.1 MPH)
|
|
Batting: RHB Guadalupe Garcia
|
0-0: Called Strike 0-1: Fly out, F8 (Flyball, 78M, EV 74.4 MPH)
|
|
Batting: LHB Randall Curtis
|
0-0: Fielders Choice at 2nd, 6-4 (Groundball, 6, EV 76.9 MPH)
|
| Top of the 5th over - 0 runs, 1 hit, 0 errors, 1 left on base; Kinston 1 - Salem 3 |
| BOTTOM OF THE 5TH |
|
Salem Rebels batting - Pitching for Kinston Eagles : RHP Oscar Mazariegos
|
|
Batting: RHB Daniel Szajko
|
0-0: Called Strike 0-1: Foul Ball, location: 2F 0-2: Foul Ball, location: 2F 0-2: Ball 1-2: Ball 2-2: Strikes out looking
|
|
Batting: LHB Thomas Krupa
|
0-0: Foul Ball, location: 2F 0-1: Ball 1-1: Ball 2-1: Foul Ball, location: 2F 2-2: Strikes out swinging
|
|
Batting: RHB Jorge Monroig
|
0-0: Foul Ball, location: 2F 0-1: Ball 1-1: Ball 2-1: Ball 3-1: Fly out, F9 (Flyball, 9LM, EV 99.4 MPH)
|
| Bottom of the 5th over - 0 runs, 0 hits, 0 errors, 0 left on base; Kinston 1 - Salem 3 |
| TOP OF THE 6TH |
|
Kinston Eagles batting - Pitching for Salem Rebels : LHP John Roesch
|
|
Batting: SHB Ted Wilborn
|
0-0: Called Strike 0-1: Ball 1-1: Ball 2-1: Ball 3-1: Ground out 5-3 (Groundball, 5, EV 106.3 MPH)
|
|
Batting: RHB Butch Davis
|
0-0: Ball 1-0: SINGLE (Line Drive, 6MD, EV 95.0 MPH)
|
|
Batting: LHB Eric Peyton
|
0-0: Called Strike Butch Davis steals 2nd base (no throw) 0-1: Ball 1-1: SINGLE (Line Drive, 34, EV 104.4 MPH) Butch Davis to third
|
|
Batting: RHB Carlos Ponce
|
0-0: Called Strike 0-1: Ball 1-1: Ball 2-1: Foul Ball, location: 2F 2-2: Strikes out swinging
|
|
Batting: RHB Tony Incaviglia
|
0-0: Ball 1-0: Ball 2-0: Ball 3-0: Base on Balls Eric Peyton to second
|
|
Batting: RHB Alfredo Aceves
|
0-0: Foul Ball, location: 2F 0-1: Foul Ball, location: 2F 0-2: Ball 1-2: Foul Ball, location: 2F 1-2: Ball 2-2: SINGLE (Groundball, 6D, EV 96.3 MPH) Butch Davis scores Eric Peyton to third Tony Incaviglia to second Runner from 3rd tries for Home, SAFE, throw by CF to home
|
|
Batting: RHB Francisco Guerra
|
0-0: DOUBLE (Line Drive, 9LD, EV 108.8 MPH) Tony Incaviglia scores Alfredo Aceves to third Runner from 3rd tries for Home, SAFE, throw by RF to trailing runner, SAFE at third!
|
|
Batting: RHB Guadalupe Garcia
|
0-0: Foul Ball, location: 2F 0-1: Ball 1-1: Swinging Strike 1-2: Strikes out swinging
|
| Top of the 6th over - 4 runs, 4 hits, 0 errors, 1 left on base; Kinston 5 - Salem 3 |
| BOTTOM OF THE 6TH |
|
Salem Rebels batting - Pitching for Kinston Eagles : RHP Oscar Mazariegos
|
|
Batting: RHB Robert O'Connor
|
0-0: Ball 1-0: Ball 2-0: Swinging Strike 2-1: SINGLE (Line Drive, 78M, EV 102.5 MPH)
|
|
Batting: RHB Melvin Williams
|
0-0: Ball 1-0: Bunt missed! 1-1: Ball 2-1: Sac Bunt to 23 - play at first, batter OUT! 3-4 Robert O'Connor to second
|
|
Batting: RHB John Schaive
|
0-0: Swinging Strike 0-1: Swinging Strike 0-2: Strikes out swinging
|
|
Batting: SHB Kelvin Hudson
|
0-0: Fly out, F7 (Flyball, 7, EV 91.3 MPH)
|
| Bottom of the 6th over - 0 runs, 1 hit, 0 errors, 1 left on base; Kinston 5 - Salem 3 |
| TOP OF THE 7TH |
|
Kinston Eagles batting - Pitching for Salem Rebels : LHP John Roesch
|
|
Batting: LHB Randall Curtis
|
0-0: Ball 1-0: Ball 2-0: Called Strike 2-1: Fly out, F4 (Popup, 34, EV 55.6 MPH)
|
|
Batting: SHB Ted Wilborn
|
0-0: Called Strike 0-1: Ground out 4-3 (Groundball, 4, EV 80.0 MPH)
|
|
Batting: RHB Butch Davis
|
0-0: Swinging Strike 0-1: Ball 1-1: Swinging Strike 1-2: Ball 2-2: Foul Ball, location: 2F 2-2: Ball 3-2: Strikes out swinging
|
| Top of the 7th over - 0 runs, 0 hits, 0 errors, 0 left on base; Kinston 5 - Salem 3 |
| BOTTOM OF THE 7TH |
|
Salem Rebels batting - Pitching for Kinston Eagles : RHP Oscar Mazariegos
|
|
Batting: RHB Mark Krynitsky
|
0-0: Foul Ball, location: 2F 0-1: Fly out, F9 (Flyball, 9LS, EV 86.3 MPH)
|
|
Batting: LHB John Gibbons
|
0-0: Ball 1-0: Called Strike 1-1: Fly out, F4 (Popup, 4S, EV 75.6 MPH)
|
|
Batting: RHB Daniel Szajko
|
0-0: Ball 1-0: Ball 2-0: Called Strike 2-1: Swinging Strike 2-2: Strikes out swinging
|
| Bottom of the 7th over - 0 runs, 0 hits, 0 errors, 0 left on base; Kinston 5 - Salem 3 |
| TOP OF THE 8TH |
|
Kinston Eagles batting - Pitching for Salem Rebels : LHP John Roesch
|
|
Pitching: RHP Thomas LaGrave
|
|
|
Batting: LHB Eric Peyton
|
0-0: Called Strike 0-1: Called Strike 0-2: SOLO HOME RUN (Flyball, 9D, EV 86.9 MPH), Distance : 367 ft
|
|
Batting: RHB Carlos Ponce
|
0-0: Fly out, F7 (Flyball, 78S, EV 80.0 MPH)
|
|
Batting: RHB Tony Incaviglia
|
0-0: Called Strike 0-1: Foul Ball, location: 2F 0-2: Foul Ball, location: 2F 0-2: Ball 1-2: Strikes out looking
|
|
Batting: RHB Alfredo Aceves
|
0-0: Called Strike 0-1: Ball 1-1: Ground out 5-3 (Groundball, 56S, EV 70.0 MPH)
|
| Top of the 8th over - 1 run, 1 hit, 0 errors, 0 left on base; Kinston 6 - Salem 3 |
| BOTTOM OF THE 8TH |
|
Salem Rebels batting - Pitching for Kinston Eagles : RHP Oscar Mazariegos
|
|
Batting: LHB Thomas Krupa
|
0-0: Ball 1-0: Ball 2-0: Fly out, F7 (Flyball, 7, EV 90.0 MPH)
|
|
Batting: RHB Jorge Monroig
|
0-0: Called Strike 0-1: Foul Ball, location: 2F 0-2: Foul Ball, location: 2F 0-2: Strikes out looking
|
|
Batting: RHB Robert O'Connor
|
0-0: Called Strike 0-1: Swinging Strike 0-2: Strikes out swinging
|
| Bottom of the 8th over - 0 runs, 0 hits, 0 errors, 0 left on base; Kinston 6 - Salem 3 |
| TOP OF THE 9TH |
|
Kinston Eagles batting - Pitching for Salem Rebels : RHP Thomas LaGrave
|
|
Batting: RHB Francisco Guerra
|
0-0: Called Strike 0-1: Ground out U3 (Groundball, 34, EV 83.1 MPH)
|
|
Batting: RHB Guadalupe Garcia
|
0-0: SINGLE (Line Drive, 3D, EV 95.0 MPH)
|
|
Batting: LHB Randall Curtis
|
0-0: Called Strike 0-1: Ball 1-1: SINGLE (Groundball, 4MD, EV 101.9 MPH) Guadalupe Garcia to second Runner from 2nd tries for 3rd, SAFE, throw by CF made to third
|
|
Batting: SHB Ted Wilborn
|
0-0: Ball 1-0: Called Strike 1-1: Swinging Strike 1-2: Ball 2-2: Ball 3-2: Foul Ball, location: 2F 3-2: Base on Balls Randall Curtis to second
|
|
Pitching: RHP Timothy Justus
|
|
|
Batting: RHB Butch Davis
|
0-0: Ball 1-0: SINGLE (Groundball, 56D, EV 95.6 MPH) Guadalupe Garcia scores Randall Curtis to third Ted Wilborn to second
|
|
Batting: LHB Eric Peyton
|
0-0: Foul Ball, location: 2F 0-1: Called Strike 0-2: Ball 1-2: Ball 2-2: Ball 3-2: Base on Balls Randall Curtis scores Ted Wilborn to third Butch Davis to second
|
|
Batting: RHB Carlos Ponce
|
0-0: Fly out, F7 (Flyball, 7LM, EV 104.4 MPH) Runner from 3rd tags up, SCORES, no throw by LF
|
|
Batting: RHB Tony Incaviglia
|
0-0: Ball 1-0: Foul Ball, location: 2F 1-1: Foul Ball, location: 2F 1-2: Ball 2-2: Foul Ball, location: 2F 2-2: Ground out 4-3 (Groundball, 4S, EV 86.3 MPH)
|
| Top of the 9th over - 3 runs, 3 hits, 0 errors, 2 left on base; Kinston 9 - Salem 3 |
| BOTTOM OF THE 9TH |
|
Salem Rebels batting - Pitching for Kinston Eagles : RHP Oscar Mazariegos
|
|
Batting: RHB Melvin Williams
|
0-0: Ball 1-0: Ball 2-0: Foul Ball, location: 2F 2-1: Ball 3-1: Base on Balls
|
|
Batting: RHB John Schaive
|
0-0: Ball 1-0: DOUBLE (Groundball, 5L, EV 107.5 MPH) Melvin Williams to third
|
|
Batting: SHB Kelvin Hudson
|
0-0: Ball 1-0: Ball 2-0: Ground out 6-3 (Groundball, 56, EV 90.0 MPH) Melvin Williams scores
|
|
Batting: RHB Mark Krynitsky
|
0-0: Ball 1-0: Ball 2-0: Foul Ball, location: 2F 2-1: Foul Ball, location: 2F 2-2: Fly out, F9 (Flyball, 89M, EV 83.1 MPH)
|
|
Batting: LHB John Gibbons
|
0-0: Ball 1-0: Swinging Strike 1-1: Ball 2-1: Ball 3-1: Called Strike 3-2: Foul Ball, location: 2F 3-2: Foul Ball, location: 2F 3-2: Foul Ball, location: 2F 3-2: DOUBLE (Line Drive, 89D, EV 101.9 MPH) John Schaive scores
|
|
Pitching: RHP Tommy Alexander
|
|
|
Batting: RHB Daniel Szajko
|
0-0: Called Strike 0-1: Ball 1-1: Swinging Strike 1-2: Fly out, F7 (Flyball, 78M, EV 90.0 MPH)
|
| Bottom of the 9th over - 2 runs, 2 hits, 0 errors, 1 left on base; Kinston 9 - Salem 5 |
|